 Dungeon Crawl Stone Soup version 0.30-a0-1160-g6e42c06551 (webtiles) character file.

Game seed: 12421611230104452101

41521 RepHenryClay the Destroyer (level 13, -1/72 HPs)
             Began as a Deep Elf Conjurer on Apr 25, 2023.
             Was a High Priest of Vehumet.
             Slain by a komodo dragon (73 damage)
             ... on level 5 of the Lair of Beasts.
             The game lasted 00:49:39 (21500 turns).

RepHenryClay the Destroyer (Deep Elf Conjurer)     Turns: 21500, Time: 00:49:40

Health: -1/72      AC:  4    Str: 10    XL:     13   Next: 80%
Magic:  2/31       EV:  2    Int: 27    God:    Vehumet [*****.]
Gold:   345        SH:  0    Dex: 15    Spells: 4/36 levels left

rFire   + . .        a - staff of conjuration
rCold   + + .        C - +0 buckler
rNeg    . . .        O - +0 robe of Wu Jian's Envy {rC+ Slay-4 Stlth+ Archmagi}
rPois   .            x - +1 hat {Stlth+}
rElec   .            G - scarf {rC+ rF+}
rCorr   .            m - +0 pair of gloves
SInv    .            (no boots)
Will    +....        N - amulet of reflection
Stlth   ++++++       I - ring of wizardry
HPRegen 0.32/turn    P - +6 ring of strength
MPRegen 0.22/turn

%: reflection, wizardry (x1), archmagi
@: sleeping
A: no striking features
a: Renounce Religion


You were on level 5 of the Lair of Beasts.
You worshipped Vehumet.
Vehumet was extremely pleased with you.
You visited 4 branches of the dungeon, and saw 19 of its levels.
You also visited: Sewer and Gauntlet.

You collected 1451 gold pieces.
You spent 1106 gold pieces at shops.

Inventory:

Hand Weapons
 b - the +4 hand axe "Pakanis" {pain, rF++ Int+2 SInv}
   (You found it in a Gauntlet)

   Int:       It affects your intelligence (+2).
   rF:        It greatly protects you from fire.
   SInv:      It lets you see invisible.
Missiles
 i - 3 throwing nets
Armour
 m - a +0 pair of gloves (worn)
 x - a +1 hat of stealth (worn)
 C - a +0 buckler (worn)
 G - a scarf of resistance (worn)
 K - the +2 robe of Dyicw {*Slow rPois rF- Str+8}
   (You bought it in a shop on level 9 of the Dungeon)

   Str:       It affects your strength (+8).
   rF:        It makes you vulnerable to fire.
   rPois:     It protects you from poison.
   *Slow:     It may slow you when you take damage.
 L - +0 steam dragon scales
 O - the +0 robe of Wu Jian's Envy (worn) {rC+ Slay-4 Stlth+ Archmagi}
   (You bought it in a shop on level 9 of the Dungeon)

   Slay:      It affects your accuracy & damage with ranged weapons and melee
   (-4).
   rC:        It protects you from cold.
   Archmagi:  It increases the power of your magical spells.
   Stlth:     It makes you more stealthy.
Magical Staves
 a - a staff of conjuration (weapon)
 A - a staff of fire
 S - a staff of poison
Jewellery
 j - an amulet of the acrobat
 v - a ring of magical power
 y - a ring of poison resistance
 z - the ring "Vubaitim" {+Blink rCorr EV+5 Str-3 Dex+9}
   (You found it in a Gauntlet)

   [ring of evasion]

   EV:        It affects your evasion (+5).
   Str:       It affects your strength (-3).
   Dex:       It affects your dexterity (+9).
   +Blink:    It lets you blink.
   rCorr:     It protects you from acid and corrosion.
 H - a ring of protection from cold
 I - a ring of wizardry (left hand)
 M - a ring of resist corrosion
 N - an amulet of reflection (around neck)
 P - a +6 ring of strength (right hand)
 Q - the ring "Hauhojid" {*Slow rElec rC+ rN+ Dex+2}
   (You found it in a Gauntlet)

   [ring of protection from cold]

   Dex:       It affects your dexterity (+2).
   rC:        It protects you from cold.
   rElec:     It insulates you from electricity.
   rN:        It protects you from negative energy.
   *Slow:     It may slow you when you take damage.
 Z - a ring of fire
Wands
 e - a wand of roots (22)
 r - a wand of polymorph (5)
 E - a wand of mindburst (11)
 F - a wand of flame (11)
Scrolls
 d - 4 scrolls of blinking
 f - a scroll of magic mapping
 h - 2 scrolls of poison
 l - a scroll of fog
 o - 7 scrolls of enchant armour
 q - 3 scrolls of immolation
 s - 3 scrolls of summoning
 u - a scroll of enchant weapon
 B - 2 scrolls of amnesia
 D - 11 scrolls of teleportation
 J - 3 scrolls of identify {@r1}
 W - a scroll of acquirement
 Y - a scroll of fear
Potions
 c - 2 potions of berserk rage
 g - a potion of haste
 k - a potion of mutation
 n - 4 potions of flight
 p - 6 potions of curing
 t - 2 potions of attraction
 w - a potion of might
 R - a potion of cancellation
 T - 3 potions of magic
 U - a potion of heal wounds
 X - a potion of resistance
Miscellaneous
 V - a phantom mirror


   Skills:
 - Level 5.0 Fighting
 - Level 6.0 Staves
 + Level 12.6 Dodging
 - Level 10.0 Stealth
 - Level 5.0 Shields
 - Level 12.0 Spellcasting
 + Level 13.9 Conjurations
 - Level 7.0 Translocations
 - Level 6.6 Earth Magic
 - Level 6.0 Evocations


You had 4 spell levels left.
You knew the following spells:

 Your Spells              Type           Power      Damage    Failure   Level
a - Stone Arrow           Conj/Erth      100%       3d13      1%          3
b - Searing Ray           Conj           100%       2d8       1%          2
c - Iskenderun's Mystic   Conj/Tloc      100%       2d19      1%          4
d - Scorch                Fire           48%        2d7       1%          2
e - Magic Dart            Conj           100%       1d8       0%          1
f - Lee's Rapid Deconstr  Erth           33%        3d17*     1%          5
g - Mephitic Cloud        Conj/Pois/Air  75%        N/A       1%          3
h - Freezing Cloud        Conj/Ice/Air   37%        6-21      2%          5
i - Orb of Destruction    Conj           58%        9d14      1%          7

Your spell library contained the following spells:

 Spells                   Type           Power      Damage    Failure   Level
 Slow                     Hex            96%        N/A       1%          1
 Static Discharge         Conj/Air       100%       2-7/arc   1%          2
 Dazzling Flash           Conj/Hex       100%       N/A       1%          3
 Vhi's Electric Charge    Tloc/Air       100%       N/A       1%          3
 Flame Wave               Conj/Fire      88%        2d19      1%          4
 Fulminant Prism          Conj/Hex       44%        3d19      1%          4
 Passage of Golubria      Tloc           69%        N/A       1%          4
 Airstrike                Air            12%        2d(2-18)  5%          4
 Leda's Liquefaction      Hex/Erth       25%        N/A       5%          4
 Petrify                  Tmut/Erth      50%        N/A       5%          4
 Confusing Touch          Hex            24%        N/A       6%          3
 Summon Guardian Golem    Hex/Summ       24%        N/A       6%          3
 Tukima's Dance           Hex            24%        N/A       6%          3
 Vampiric Draining        Necr           24%        2d7       6%          3
 Summon Lightning Spire   Summ/Air       24%        N/A       19%         4
 Arcjolt                  Conj/Air       44%        1d54      1%          5
 Yara's Violent Unravell  Hex/Tmut       12%        3d7       14%         5
 Spellforged Servitor     Conj/Summ      44%        N/A       24%         7
 Metabolic Englaciation   Hex/Ice        12%        N/A       45%         5
 Plasma Beam              Fire/Air       12%        2x1d25    54%         6
 Statue Form              Tmut/Erth      33%        N/A       58%         6
 Summon Cactus Giant      Summ           12%        N/A       95%         6


Dungeon Overview and Level Annotations

Branches:
Dungeon (11/15)            Temple (1/1) D:6            Lair (5/5) D:9
  Swamp (0/4) Lair:3       Spider (0/4) Lair:2        Slime (0/5) Lair:5
    Orc (2/2) D:11            Elf (0/3) Orc:2         Sewer (visited)
Gauntlet (visited)

Altars:
Ashenzari
Cheibriados
Dithmenos
Elyvilon
Fedhas
Gozag
Makhleb
Okawaru
Qazlal
Uskayaw
Vehumet
Wu Jian
Xom
Yredelemnul
Zin
The Shining One
Lugonu

Shops:
D:1 *   D:7 ?(!:?   D:8 !   D:9 [[   D:11 [

Portals:
Abyss: Orc:1

Annotations:
D:3 1 runed translucent door, Orangeyouglad's ghost, weakling HuDe
D:5 2 runed translucent doors, BlueFish's ghost, novice OpFi
D:10 4 exclusions, Snorg
Lair:2 2 transporters, exclusion: oklob plant, Gadrel's ghost, journeyman SpSu
Lair:3 4 exclusions, Rupert
Orc:2 1 runed translucent door !Donald, Donald; Unforgiven's ghost, journeyman AtFi


Message History

The basilisk completely misses the plant.
A dream sheep comes into view.
The dream sheep is engulfed in freezing vapours.
Casting: Freezing Cloud (dangerous; 2% risk of failure)
Confirm with . or Enter, or press ? or * to list all spells.
You don't have enough magic to cast this spell.
You barely miss the blink frog.
The blink frog is heavily wounded.
The death yak is engulfed in freezing vapours.
The basilisk bites the plant!
The plant begins to die.
The dream sheep is engulfed in freezing vapours.
You kill the dream sheep!
Vehumet accepts your kill.
You feel your power returning.
The dream sheep ruffle their wool and motes of dream dust sparkle, to no effect.
Casting: Freezing Cloud (dangerous; 2% risk of failure)
Confirm with . or Enter, or press ? or * to list all spells.
You feel a strong surge of power!
You erupt in a blast of force!
The mystic blast hits the death yak!!
You kill the death yak!
Vehumet accepts your kill.
You feel your power returning.
The mystic blast hits the komodo dragon.
The komodo dragon is lightly wounded.
The komodo dragon is knocked back by the mystic blast.
The komodo dragon slams into the rock wall!
The komodo dragon is moderately wounded.
The mystic blast hits the blink frog!!
You kill the blink frog!
Vehumet accepts your kill.
You feel your power returning.
The mystic blast hits the death yak!
The death yak is heavily wounded.
The death yak is knocked back by the mystic blast.
The dream sheep bleats!
You hear a bellow!
The dream sheep shake their wool and sparkle.
You feel drowsy...
You fall asleep.
You hear a bellow!
The komodo dragon bites you!!!!
Ouch! That really hurt!
You die...

,,,,,,,,,,,,,,,,,,,........#...*...
,,,,,,,,,,..................P.##..#
,,,,,,,,,,....>..................##
.,,,,,,,,,....................†...#
.,,,,,,,,,........................#
.,,,,,,,,,.........................
.,,,,,,,,,.........................
.,,,,,,,,,..Y......................
.,,,,,,,,,,,*##.l@...........#####.
.,,,,,,,,,,**#....§.........##~~~*#
.,,,,,,,,,**#.#§§Y.........##*,,,,#
.,,,,,,,,,,.PFY§§§Y........#,,,,,,+
#*,,,,,,,,..l..§§§....###..#~,,,,,+
**,,***,,,......YY....#*#P.#,,,,,,+
,,,,,~*,,,.....P......#,..P#*~,,,,*
.,,,~~~~~~......Y..#...,....***~,**
.,,,~~~~~~~~............,,,,,*****,


You could see 2 death yaks, a komodo dragon, a yak, a cane toad, a basilisk and
4 dream sheep.

Vanquished Creatures
  Gastronok (Lair:2)
  A minotaur (Gauntlet)
  A great orb of eyes (Gauntlet)
  2 hydras
  Erolcha (D:9)
  Erica (D:8)
  A two-headed ogre (D:8)
  4 death yaks
  Amaemon (Lair:1)
  A sixfirhy (Gauntlet)
  A skyshark (Lair:3)
  2 ugly things (Gauntlet)
  A manticore (D:11)
  7 elephants
  A black mamba (Lair:4)
  Maurice (D:8)
  Joseph (D:10)
  An orange demon (Lair:1)
  14 cane toads
  Maggie (D:9)
  2 unseen horrors
  6 komodo dragons
  2 rime drakes (Lair:1)
  5 trolls
  3 polar bears
  13 blink frogs
  2 dream sheep (Lair:5)
  Sigmund (D:2)
  A wraith (D:10)
  A vampire (D:11)
  7 wyverns
  20 yaks
  Eustachio (D:5)
  A steam dragon (Lair:3)
  6 wargs
  3 swamp worms (Lair:3)
  Duvessa (D:7)
  19 water moccasins
  4 sky beasts
  8 orc warriors
  2 black bears
  6 wolves (Lair:1)
  9 ogres
  4 centaurs
  A phantom (D:6)
  2 kobold brigands
  Blork the orc (D:4)
  6 gnoll sergeants
  13 bullfrogs
  3 scorpions
  Dowan (D:7)
  4 killer bees (D:8)
  4 howler monkeys
  5 electric eels (D:8)
  5 orc priests
  4 hounds
  2 jellies
  Jessica (D:2)
  Terence (D:2)
  An iguana (D:6)
  10 orc wizards
  2 sleepcaps
  12 gnolls
  11 adders
  2 shadow imps (D:8)
  A white imp (D:6)
  4 ufetubi (Gauntlet)
  5 worms
  3 dart slugs
  39 orcs
  7 bats
  8 endoplasms
  7 giant cockroaches
  9 goblins
  7 hobgoblins
  8 jackals
  5 quokkas
  5 ball pythons
  4 frilled lizards
  11 kobolds
  6 rats
  A lurking horror (Orc:1)
392 creatures vanquished.

Vanquished Creatures (others)
  14 demonic plants (Gauntlet)
  25 fungi
  75 plants
  24 withered plants (Gauntlet)
138 creatures vanquished.

Grand Total: 530 creatures vanquished

Notes
Turn   | Place    | Note
-------+----------+-------------------------------------------
     0 | D:1      | RepHenryClay the Deep Elf Conjurer began the quest for the
                  | Orb.
     0 | D:1      | Reached XP level 1. HP: 10/10 MP: 6/6
   203 | D:1      | Reached XP level 2. HP: 14/15 MP: 0/8
   283 | D:1      | Learned a level 2 spell: Searing Ray
   378 | D:1      | Found Depox's General Store.
   831 | D:1      | You fall into a shaft and drop 1 floor!
  1104 | D:2      | Reached skill level 5 in Conjurations
  1104 | D:2      | Reached XP level 3. HP: 18/19 MP: 5/9
  1186 | D:2      | Reached XP level 4. HP: 20/24 MP: 4/10
  1317 | D:2      | Noticed Terence
  1322 | D:2      | Noticed Jessica
  1325 | D:2      | Killed Terence
  1465 | D:2      | Killed Jessica
  1646 | D:2      | Noticed Sigmund
  1649 | D:2      | Reached XP level 5. HP: 28/28 MP: 8/11
  1767 | D:2      | Killed Sigmund
  1768 | D:2      | Reached skill level 5 in Dodging
  1768 | D:2      | Reached skill level 6 in Conjurations
  1768 | D:2      | Reached XP level 6. HP: 28/32 MP: 5/12
  2743 | D:3      | Found a runed translucent door.
  2743 | D:3      | Noticed Orangeyouglad's ghost (weakling HuDe)
  3003 | D:3      | Found a white marble altar of Elyvilon.
  3294 | D:4      | Reached skill level 7 in Conjurations
  3303 | D:4      | Noticed Blork the orc
  3310 | D:4      | Killed Blork the orc
  3311 | D:4      | Reached XP level 7. HP: 13/36 MP: 5/13
  3505 | D:4      | Found a glowing drain.
  3518 | Sewer    | Entered a sewer
  4099 | D:5      | Entered Level 5 of the Dungeon
  4151 | D:5      | Reached skill level 8 in Conjurations
  4176 | D:5      | Noticed Eustachio
  4186 | D:5      | Killed Eustachio
  4477 | D:5      | Reached XP level 8. HP: 40/41 MP: 8/14
  4736 | D:5      | Learned a level 4 spell: Iskenderun's Mystic Blast
  4858 | D:5      | Reached skill level 1 in Translocations
  4932 | D:5      | Found a glowing silver altar of Zin.
  5075 | D:5      | Found a large runed translucent door.
  5076 | D:5      | Found a large runed translucent door.
  5077 | D:5      | Noticed BlueFish's ghost (novice OpFi)
  5336 | D:5      | Reached skill level 5 in Spellcasting
  5738 | D:6      | Found a staircase to the Ecumenical Temple.
  5752 | Temple   | Entered the Ecumenical Temple
  5770 | Temple   | Became a worshipper of Vehumet
  5826 | Temple   | Reached skill level 5 in Translocations
  6358 | D:6      | Reached XP level 9. HP: 45/45 MP: 11/18
  6844 | D:7      | Found Vepnec's Distillery.
  6894 | D:7      | Reached skill level 1 in Fighting
  6894 | D:7      | Reached skill level 9 in Conjurations
  6959 | D:7      | Bought a potion of degeneration for 14 gold pieces
  6967 | D:7      | Reached skill level 10 in Dodging
  6967 | D:7      | Reached skill level 12 in Conjurations
  6967 | D:7      | Reached XP level 10. HP: 58/58 MP: 19/19
  7006 | D:7      | Found a basalt altar of Yredelemnul.
  7080 | D:7      | Found Paiqaxagy's Magic Scroll Shoppe.
  7193 | D:7      | Found Qumores's Book Shoppe.
  7452 | D:7      | Found Faess's Magic Scroll Shop.
  7623 | D:7      | Noticed Duvessa
  7623 | D:7      | Noticed Dowan
  7675 | D:7      | Killed Duvessa
  7718 | D:7      | Killed Dowan
  7764 | D:7      | Found an ornate altar of the Wu Jian Council.
  7779 | D:7      | Found Fikoyxupt's Antique Weapon Boutique.
  7910 | D:8      | Noticed a two-headed ogre
  7923 | D:8      | Killed a two-headed ogre
  7924 | D:8      | Reached skill level 5 in Fighting
  8074 | D:8      | Reached * piety under Vehumet
  8074 | D:8      | Offered knowledge of Shock by Vehumet.
  8236 | D:8      | Noticed Maurice
  8246 | D:8      | Killed Maurice
  8247 | D:8      | Reached skill level 13 in Conjurations
  8374 | D:8      | Found a snail-covered altar of Cheibriados.
  8553 | D:8      | Found Arecakka's Distillery.
  8561 | D:8      | Bought a potion of heal wounds for 55 gold pieces
  8589 | D:8      | Reached skill level 5 in Stealth
  8922 | D:8      | Noticed Erica
  8934 | D:8      | Killed Erica
  8935 | D:8      | Reached XP level 11. HP: 63/63 MP: 9/20
  9243 | D:9      | Found a stormy altar of Qazlal.
  9444 | D:9      | Found Machiu's Antique Armour Shop.
  9450 | D:9      | Reached skill level 1 in Shields
  9452 | D:9      | Offered knowledge of Scorch by Vehumet.
  9502 | D:9      | Bought a distressingly furry robe for 125 gold pieces
  9502 | D:9      | Identified the +0 robe of Wu Jian's Envy {rC+ Slay-4 Stlth+
                  | Archmagi} (You bought it in a shop on level 9 of the
                  | Dungeon)
  9652 | D:9      | Reached ** piety under Vehumet
 10009 | D:9      | Found Riqasa's Antique Armour Shop.
 10017 | D:9      | Bought a dull robe for 119 gold pieces
 10017 | D:9      | Identified the +2 robe of Dyicw {*Slow rPois rF- Str+8}
                  | (You bought it in a shop on level 9 of the Dungeon)
 10098 | D:9      | Found a staircase to the Lair.
 10211 | D:9      | Noticed Maggie
 10221 | D:9      | Killed Maggie
 10297 | D:9      | Noticed Erolcha
 10304 | D:9      | Killed Erolcha
 10539 | D:10     | Entered Level 10 of the Dungeon
 11251 | D:10     | Noticed Snorg
 11257 | D:10     | Learned a level 2 spell: Scorch
 11283 | D:10     | Found an opulent altar of Gozag.
 11333 | D:10     | Noticed Joseph
 11345 | D:10     | Killed Joseph
 11998 | D:11     | Reached skill level 5 in Shields
 12151 | D:11     | Identified the +0 buckler of Zete {Rampage rCorr Int-5
                  | Stlth+}
 12187 | D:11     | Identified the +8 spear of Instinct {venom, Will++}
 12507 | D:11     | Found Goqaek's Antique Armour Shoppe.
 12537 | D:11     | Offered knowledge of Stone Arrow by Vehumet.
 13029 | D:11     | Found a staircase to the Orcish Mines.
 13312 | D:11     | Learned a level 3 spell: Stone Arrow
 13318 | D:11     | Learned a level 5 spell: Lee's Rapid Deconstruction
 13329 | Orc:1    | Entered Level 1 of the Orcish Mines
 13338 | D:11     | Reached skill level 1 in Earth Magic
 13393 | Orc:1    | Reached *** piety under Vehumet
 13731 | Orc:1    | Found a corrupted altar of Lugonu.
 13731 | Orc:1    | Found a one-way gate to the infinite horrors of the Abyss.
 13888 | Orc:1    | You fall into a shaft and drop 1 floor!
 13888 | Orc:2    | Entered Level 2 of the Orcish Mines
 13888 | Orc:2    | Noticed an orc sorcerer
 13889 | Orc:2    | Found a gate leading to a gauntlet.
 13899 | Gauntlet | Entered a Gauntlet
 13899 | Gauntlet | Found a transporter.
 13903 | Gauntlet | Noticed a sixfirhy
 13909 | Gauntlet | Found a transporter.
 13924 | Gauntlet | Found a transporter.
 13929 | Gauntlet | Found a transporter.
 13945 | Gauntlet | Noticed an orange crystal statue
 13950 | Gauntlet | Found a transporter.
 13962 | Gauntlet | Noticed a death yak
 13963 | Gauntlet | Found a transporter.
 13964 | Gauntlet | Found the +2 hood of the Assassin {Detect Stab+ Stlth++}
 13964 | Gauntlet | Noticed a death yak
 13965 | Gauntlet | Noticed a death yak
 13966 | Gauntlet | Noticed a death yak
 13974 | Gauntlet | Noticed a great orb of eyes
 13975 | Gauntlet | Found a transporter.
 13981 | Gauntlet | Noticed a purple ugly thing
 13987 | Gauntlet | Found a transporter.
 13988 | Gauntlet | Noticed a brown ugly thing
 13999 | Gauntlet | Found a transporter.
 14000 | Gauntlet | Noticed a death drake
 14005 | Gauntlet | Found a transporter.
 14005 | Gauntlet | Found a transporter.
 14016 | Gauntlet | Found a large runed translucent door.
 14017 | Gauntlet | Found a large runed translucent door.
 14018 | Gauntlet | Found a large runed translucent door.
 14018 | Gauntlet | Found a large runed translucent door.
 14019 | Gauntlet | Found a runed translucent gate.
 14020 | Gauntlet | Found a transporter.
 14020 | Gauntlet | Found a runed translucent gate.
 14021 | Gauntlet | Found a runed translucent gate.
 14022 | Gauntlet | Found a large runed translucent door.
 14022 | Gauntlet | Found a large runed translucent door.
 14023 | Gauntlet | Found a large runed translucent door.
 14024 | Gauntlet | Found a large runed translucent door.
 14033 | Gauntlet | Found a large runed translucent door.
 14033 | Gauntlet | Found a large runed translucent door.
 14033 | Gauntlet | Found a runed translucent door.
 14033 | Gauntlet | Found a runed translucent door.
 14034 | Gauntlet | Found a large runed translucent door.
 14035 | Gauntlet | Found a large runed translucent door.
 14037 | Gauntlet | Found a transporter.
 14045 | Gauntlet | Found a large runed translucent door.
 14045 | Gauntlet | Found a large runed translucent door.
 14046 | Gauntlet | Found a large runed translucent door.
 14047 | Gauntlet | Found a large runed translucent door.
 14057 | Gauntlet | Found a transporter.
 14057 | Gauntlet | Noticed a wizard
 14078 | Gauntlet | Noticed a catoblepas
 14084 | Gauntlet | Found a transporter.
 14104 | Gauntlet | Found a transporter.
 14182 | Gauntlet | Found a transporter.
 14312 | Gauntlet | Found a transporter.
 14380 | Gauntlet | Killed a sixfirhy
 14500 | Gauntlet | Identified the ring "Hauhojid" {*Slow rElec rC+ rN+ Dex+2}
 14547 | Gauntlet | Killed a purple ugly thing
 14548 | Gauntlet | Reached XP level 12. HP: 68/68 MP: 14/21
 14550 | Gauntlet | Killed a great orb of eyes
 14551 | Gauntlet | Reached skill level 5 in Earth Magic
 14558 | Gauntlet | Identified the ring "Vubaitim" {+Blink rCorr EV+5 Str-3
                  | Dex+9}
 14567 | Gauntlet | Identified the +4 hand axe "Pakanis" {pain, rF++ Int+2
                  | SInv}
 14598 | Gauntlet | Noticed a minotaur
 14614 | Gauntlet | Killed a minotaur
 14788 | Gauntlet | Found the +4 robe of Folly {Brill Will-∞ Int+8}
 14803 | Orc:2    | Noticed Unforgiven's ghost (journeyman AtFi)
 14807 | Orc:2    | Found a staircase to the Elven Halls.
 14807 | Orc:2    | Found a runed translucent door.
 15125 | Orc:2    | Offered knowledge of Mephitic Cloud by Vehumet.
 15132 | Orc:1    | Learned a level 3 spell: Mephitic Cloud
 15246 | Orc:2    | Noticed Donald
 15448 | D:7      | Bought a scroll of acquirement for 676 gold pieces
 15448 | D:7      | Bought a scroll of teleportation for 39 gold pieces
 15448 | D:7      | Bought a scroll of teleportation for 39 gold pieces
 15448 | D:7      | Bought a scroll of teleportation for 39 gold pieces
 15569 | Lair:1   | Entered Level 1 of the Lair of Beasts
 16198 | Lair:1   | Reached **** piety under Vehumet
 16199 | Lair:1   | Reached skill level 10 in Spellcasting
 16242 | Lair:1   | Noticed Amaemon
 16252 | Lair:1   | Killed Amaemon
 16732 | Lair:1   | Offered knowledge of Freezing Cloud by Vehumet.
 16805 | D:9      | Learned a level 5 spell: Freezing Cloud
 16815 | Lair:1   | Learned a level 7 spell: Orb of Destruction
 17248 | Lair:2   | Found a transporter.
 17255 | Lair:2   | Found a transporter.
 17380 | Lair:2   | Found a hole to the Spider Nest.
 17392 | Lair:2   | Reached skill level 1 in Staves
 17405 | Lair:2   | Noticed Gadrel's ghost (journeyman SpSu)
 17702 | Lair:2   | Noticed Gastronok
 17707 | Lair:2   | Killed Gastronok
 17708 | Lair:2   | Reached XP level 13. HP: 72/72 MP: 12/31
 18618 | Lair:3   | Reached skill level 5 in Staves
 18691 | Lair:3   | Noticed Rupert
 19507 | Lair:3   | Reached skill level 10 in Stealth
 19894 | Lair:3   | Found a staircase to the Swamp.
 19897 | Lair:3   | Reached skill level 1 in Evocations
 20236 | Lair:4   | You fall into a shaft and drop 1 floor!
 20236 | Lair:5   | Entered Level 5 of the Lair of Beasts
 20255 | Lair:5   | Found a staircase to the Slime Pits.
 20322 | Lair:4   | Identified the +7 trident of Nemelex Xobeh's Pride {drain,
                  | rPois}
 20657 | Lair:4   | Reached skill level 5 in Evocations
 21499 | Lair:5   | Reached ***** piety under Vehumet
 21500 | Lair:5   | Slain by a komodo dragon

Illustrated notes

Levels and vault maps discovered:
D:1:      saegor_arrival_fortress, layout_basic, serial_shops, shop
D:2:      layout_basic, chequers_serial_rivers_micro_d, grunt_ministairs_9,
          uniq_terence, uniq_jessica, uniq_sigmund
D:3:      layout_basic, nicolae_elyvilon_peaceful_grove,
          ebering_ghost_inner_flame, st_stairs_14, minmay_joined_circles
D:4:      layout_rooms, gup_sewer_entry_spiral, uniq_blork_the_orc
D:5:      layout_basic, mainiacjoe_overflow_tiny_flanked,
          ebering_ghost_disaster_area, minmay_pentangle, uniq_eustachio
D:6:      layout_basic, minmay_temple_entry_large_hall
D:7:      layout_loops_cross, amcnicky_altar_gilded,
          mainiacjoe_overflow_surrounded_room, serial_shops, shop,
          shop_fountains, nicolae_shop_pleasant_corner_grove, shop, shop,
          uniq_duvessa
D:8:      layout_basic, slow_altar_1, serial_bayou, serial_bayou_pond_b,
          serial_bayou_shore_a, serial_bayou_crossing, serial_bayou_lagoon_a,
          serial_shops, shop, uniq_maurice, uniq_erica
D:9:      layout_long_grid, nicolae_qazlal_general_emergency,
          grunt_lair_entry_orc_guard_hut, serial_shops,
          nicolae_shop_pleasant_corner_grove, shop, uniq_erolcha, uniq_maggie
D:10:     layout_irregular_city, nicolae_gozag_cash_rules_everything_around_me,
          uniq_joseph, uniq_snorg
D:11:     layout_long_grid, kennysheep_orc_monster_closet_entryway,
          serial_shops, shop, minmay_door_square, nicolae_hexahallways
Temple:   eino_wide_crystal_templ
Lair:1:   layout_regular_city, uniq_amaemon
Lair:2:   layout_concentric_octagons, spider_nest_entry_web_field,
          nzn_ghost_randoct, st_stairs_7, lemuel_fruit_tree, uniq_gastronok
Lair:3:   layout_roguey, minmay_swamp_entry_worms, nzn_random_ring,
          grunt_megastairs_1, infiniplex_staircase_pool_2, uniq_rupert
Lair:4:   layout_long_grid
Lair:5:   grunt_lair_end_beastmaster, layout_gridlike, slime_entry_1,
          gammafunk_ghost_hydra_chop, pond
Orc:1:    layout_caves, amcnicky_altar_lugonu_corruption
Orc:2:    st_orc_mages, layout_caves, gauntlet_entry_generic,
          hellmonk_ghost_happy_afterlife, mines3_lemuel, uniq_donald

Skill      XL: |  1  2  3  4  5  6  7  8  9 10 11 12 13 |
---------------+----------------------------------------+-----
Dodging        | 3 4 5 6 8 10 11 12 | 12.6
Conjurations   | 5 6 7 8 12 13 | 13.9
Spellcasting   | 5 12 | 12.0
Translocations | 7 |  7.0
Fighting       | 4 5 |  5.0
Stealth        | 6 8 10 | 10.0
Shields        | 5 |  5.0
Earth Magic    | 4 6 |  6.6
Staves         | 3 6 |  6.0
Evocations     | 6 |  6.0

Action                     |  1- 3 |  4- 6 |  7- 9 | 10-12 | 13-15 || total
---------------------------+-------+-------+-------+-------+-------++-------
  Melee: Unarmed           |     3 |       |       |       |       ||     3
         Short sword       |       |    32 |   113 |   127 |       ||   272
         Punch             |       |       |     1 |     3 |       ||     4
         Staff             |       |       |       |    13 |     4 ||    17
   Cast: Magic Dart        |    46 |    69 |    86 |    43 |       ||   244
         Searing Ray       |     1 |     6 |    20 |    40 |       ||    67
         Iskenderun's Myst |       |       |     3 |    84 |     7 ||    94
         Stone Arrow       |       |       |       |   103 |   140 ||   243
         Lee's Rapid Decon |       |       |       |     6 |       ||     6
         Orb of Destructio |       |       |       |     3 |     2 ||     5
         Mephitic Cloud    |       |       |       |     3 |       ||     3
         Freezing Cloud    |       |       |       |     1 |     7 ||     8
  Evoke: Wand              |       |       |     6 |    11 |       ||    17
    Use: Scroll            |       |    13 |     6 |     5 |     3 ||    27
         Potion            |       |       |     1 |     6 |       ||     7
   Stab: Sleeping          |       |       |     3 |     3 |       ||     6
 Armour: Robe              |     6 |    11 |    25 |    27 |     3 ||    72
  Dodge: Dodged            |    12 |    47 |   110 |   317 |    17 ||   503
  Block: Buckler           |       |       |       |    89 |    13 ||   102
         Reflection        |       |       |       |     1 |     1 ||     2

Table legend: (Time is in decaauts)
 A = Elapsed time spent in this place.
 B = Non-inter-level travel time spent in this place.
 C = Inter-level travel time spent in this place.
 D = Time resting spent in this place.
 E = Time spent auto-exploring this place.
 F = Levels seen in this place.
 G = Mean time per level.
                   A        B        C        D        E       F      G
               +--------+--------+--------+--------+--------+-----+--------+
         Total |  21664 |  20581 |   1083 |   4303 |  12975 |  21 | 1031.6 |
       Dungeon |  14015 |  13157 |    858 |   2420 |   8662 |  11 | 1274.1 |
        Temple |    208 |    197 |     11 |    170 |      5 |   1 |  208.0 |
          Lair |   5647 |   5472 |    175 |   1467 |   3312 |   5 | 1129.4 |
  Orcish Mines |    674 |    638 |     36 |    111 |    381 |   2 |  337.0 |
         Sewer |    235 |    235 |      0 |     55 |    132 |   1 |  235.0 |
      Gauntlet |    883 |    883 |      0 |     80 |    482 |   1 |  883.0 |
               +--------+--------+--------+--------+--------+-----+--------+

Top non-repeatable levels by time:
     D:9: 1855 daAuts
    D:11: 1849 daAuts
  Lair:3: 1731 daAuts
     D:8: 1640 daAuts
     D:5: 1489 daAuts
  Lair:1: 1378 daAuts
  Lair:2: 1273 daAuts
  Lair:4: 1217 daAuts
     D:1: 1209 daAuts
    D:10: 1087 daAuts
     D:7: 1074 daAuts
     D:3: 1024 daAuts
     D:6: 1004 daAuts
     D:2: 946 daAuts
Gauntlet: 883 daAuts
